 Dungeon Crawl Stone Soup version 0.31-a0-844-gdc52ec4e09 (webtiles) character file.

Game seed: 17554156766909188516

180362 MathMan16 the Bewitcher (level 18, -6/133 HPs)
             Began as a Djinni Ice Elementalist on Sept 28, 2023.
             Was a High Priest of Nemelex Xobeh.
             Mangled by a culicivora (17 damage)
             ... on level 3 of the Spider Nest on Sept 29, 2023.
             The game lasted 02:27:48 (28261 turns).

MathMan16 the Bewitcher (Djinni Ice Elementalist)  Turns: 28261, Time: 02:27:49

Health: -6/133     AC: 16    Str:  5    XL:     18   Next: 95%
Gold:   1638       EV: 12    Int: 44    God:    Nemelex Xobeh [*****.] SH:  0 Dex: 23

rFire   + + +        m - +7 hand axe of Hard Scrabble {holy, rElec Int+6 Dex-3}
rCold   x x .        M - +3 buckler
rNeg    . . .        p - +3 ring mail "Ikaibbotz" {Int+5}
rPois   ∞            c - +2 helmet
rElec   +            (no cloak)
rCorr   .            C - +1 pair of gloves of the Orb Guardian {Contam rElec Int+5 SInv}
SInv    +            (boots unavailable)
Will    +....        D - amulet of Kasoykor {Fly Regen+ MP-9 Int+2 Dex+6}
Stlth   +++          L - ring "Honus" {rElec rC- EV+5 Dex+5}
HPRegen 1.22/turn    R - ring "Tuujuett" {rF+++ Int+4 SInv Stlth+}
MPRegen 0.00/turn

%: infuse magic (-7 HP)
@: flying, held, studying 2 skills
A: sickness immunity, fire resistance 2, cold vulnerability 1, float, innate
caster, HP casting, extra vitality 1, clumsy 1, weak 1, MP-powered wands
a: Renounce Religion, Draw Escape, Draw Destruction, Draw Summoning, Triple
Draw, Deal Four, Stack Five


You were on level 3 of the Spider Nest.
You worshipped Nemelex Xobeh.
Nemelex Xobeh was extremely pleased with you.
You visited 4 branches of the dungeon, and saw 25 of its levels.

You collected 3219 gold pieces.
You spent 1581 gold pieces at shops.

Inventory:

Hand Weapons
 i - the +7 dagger of the Extremely Mad {heavy, Int+3}
   (You found it on level 2 of the Dungeon)

   Int+3:     It affects your intelligence (+3).
 m - the +7 hand axe of Hard Scrabble (weapon) {holy, rElec Int+6 Dex-3}
   (You took it off a kobold on level 2 of the Dungeon)

   Int+6:     It affects your intelligence (+6).
   Dex-3:     It affects your dexterity (-3).
   rElec:     It insulates you from electricity.
Missiles
 X - 2 curare-tipped darts
 Y - a throwing net
Armour
 c - a +2 helmet (worn)
 p - the +3 ring mail "Ikaibbotz" (worn) {Int+5}
   (You found it on level 3 of the Dungeon)

   Int+5:     It affects your intelligence (+5).
 C - the +1 pair of gloves of the Orb Guardian (worn) {Contam rElec Int+5 SInv}
   (You acquired it on level 15 of the Dungeon)

   Int+5:     It affects your intelligence (+5).
   rElec:     It insulates you from electricity.
   SInv:      It lets you see invisible.
   Contam:    It causes magical contamination when unequipped.
 M - a +3 buckler (worn)
 T - a +2 robe of cold resistance
Magical Staves
 b - a staff of cold
 g - a staff of earth
Jewellery
 d - a ring of positive energy
 l - a ring of wizardry
 o - an amulet of the acrobat
 u - a +6 ring of intelligence
 y - a ring of protection from cold
 D - the amulet of Kasoykor (around neck) {Fly Regen+ MP-9 Int+2 Dex+6}
   (You bought it in a shop on level 2 of the Dungeon)

   [amulet of regeneration]

   Int+2:     It affects your intelligence (+2).
   Dex+6:     It affects your dexterity (+6).
   MP-9:      It affects your magic capacity (-9).
   Fly:       It grants you flight.
   Regen+:    It increases your rate of health regeneration.
 G - a ring of protection from fire
 L - the ring "Honus" (left hand) {rElec rC- EV+5 Dex+5}
   (You found it on level 5 of the Lair of Beasts)

   [ring of evasion]

   EV+5:      It affects your evasion (+5).
   Dex+5:     It affects your dexterity (+5).
   rC-:       It makes you vulnerable to cold.
   rElec:     It insulates you from electricity.
 R - the ring "Tuujuett" (right hand) {rF+++ Int+4 SInv Stlth+}
   (You bought it in a shop on level 2 of the Dungeon)

   [ring of see invisible]

   Int+4:     It affects your intelligence (+4).
   rF+++:     It renders you almost immune to fire.
   SInv:      It lets you see invisible.
   Stlth+:    It makes you more stealthy.
 U - a +4 ring of protection
 V - a ring of ice
Wands
 w - a wand of quicksilver (37)
 x - a wand of paralysis (12)
 H - a wand of flame (75)
 I - a wand of iceblast (12)
 W - a wand of polymorph (1)
Scrolls
 a - a scroll of fear
 j - 2 scrolls of summoning
 k - 3 scrolls of teleportation
 q - 4 scrolls of fog
 r - 2 scrolls of immolation
 s - 5 scrolls of enchant weapon
 v - 5 scrolls of silence
 z - a scroll of brand weapon
 B - a scroll of vulnerability
 N - 2 scrolls of blinking
 Z - a scroll of identify
Potions
 e - a potion of lignification
 f - 4 potions of mutation
 h - 12 potions of curing
 n - 5 potions of enlightenment
 t - 7 potions of might
 A - 3 potions of haste
 E - 3 potions of ambrosia
 F - 2 potions of attraction
 J - a potion of resistance {unknown}
 O - 2 potions of cancellation
 P - a potion of magic {unknown}
 Q - a potion of invisibility {unknown}
 S - a potion of brilliance {unknown}


   Skills:
 + Level 13.4 Fighting
 - Level 10.0 Armour
 * Level 10.0 Dodging
 - Level 1.5 Stealth
 * Level 10.0 Shields
 + Level 13.9 Spellcasting
 + Level 13.9 Conjurations
 + Level 15.7 Hexes
   Level 0.0 Charms
 + Level 13.9 Summonings
 + Level 13.9 Necromancy
 + Level 13.9 Translocations
 + Level 13.9 Transmutations
 + Level 13.9 Fire Magic
 + Level 13.9 Ice Magic
 + Level 13.9 Air Magic
 + Level 13.9 Earth Magic
 + Level 13.9 Poison Magic
 - Level 11.7 Invocations
 - Level 10.7 Evocations


You knew the following spells:

 Your Spells              Type           Power      Damage    Failure   Level
a - Freeze                Ice            100%       1d10      0%          1
b - Frozen Ramparts       Ice            100%       1d16      1%          3
c - Ozocubu's Armour      Ice            100%       N/A       1%          3
d - Summon Ice Beast      Ice/Summ       100%       N/A       1%          4
e - Magic Dart            Conj           100%       1d8       0%          1
f - Blink                 Tloc           100%       N/A       1%          2
g - Lesser Beckoning      Tloc           100%       N/A       1%          2
h - Tukima's Dance        Hex            100%       N/A       1%          3
i - Borgnjor's Vile Clut  Necr/Erth      50%        N/A       1%          5
j - Lee's Rapid Deconstr  Erth           50%        3d24*     1%          5
k - Eringya's Noxious Bo  Tmut/Pois      50%        4d6       2%          6
l - Enfeeble              Hex            53%        N/A       6%          7
Your spell library was empty.

Dungeon Overview and Level Annotations

Branches:
Dungeon (15/15)            Temple (0/1) D:6            Lair (5/5) D:10
  Swamp (0/4) Lair:2       Spider (3/4) Lair:3        Slime (0/5) Lair:4
    Orc (2/2) D:9             Elf (0/3) Orc:2        Vaults (0/5) D:14
 Depths (0/4) D:15

Altars:
Ashenzari
Gozag
Nemelex Xobeh
Okawaru
Ru
Uskayaw
Xom
Zin
The Shining One

Shops:
D:1 *   D:2 (=:([   D:3 !   D:4 ?   D:15 [   Orc:2 *:([

Annotations:
D:10 2 runed translucent doors, GreenGuy14's ghost, journeyman MiFi
Lair:3 exclusion: oklob plant


Innate Abilities, Weirdness & Mutations

You are immune to sickness and miasma.
You are immune to poison.
Your flesh is very heat resistant. (rF++)
You are vulnerable to cold. (rC-)
You float through the air rather than walking.
You learn spells naturally, not from books.
Your magical power is your life essence.
You have superior vitality. (+4 MHP)
You are clumsy. (Dex -2)
You are weak. (Str -2)
You expend health (3 HP) to strengthen your wands.


Message History

The culicivora bites you!!
Aiming: Freeze (safe; 0% risk of failure)
Press: ? - help, Q - select action, (/) - cycle Shift-Dir - straight line, f - culicivora
Aim: a culicivora (soul bound)
You freeze the culicivora.
The culicivora is lightly wounded.
The culicivora closely misses you. The culicivora bites you.
Aiming: Freeze (safe; 0% risk of failure)
Press: ? - help, Q - select action, (/) - cycle Shift-Dir - straight line, f/p - culicivora
Aim: a culicivora (lightly wounded, soul bound)
You freeze the culicivora.
The culicivora is lightly wounded.
The culicivora bites you.
* * * LOW HITPOINT WARNING * * *
Aiming: Freeze (safe; 0% risk of failure)
Press: ? - help, Q - select action, (/) - cycle Shift-Dir - straight line, f/p - culicivora
Aim: a culicivora (lightly wounded, soul bound)
You freeze the culicivora!
The culicivora is moderately wounded.
* * * LOW HITPOINT WARNING * * *
The culicivora misses you. The culicivora bites you!
* * * LOW HITPOINT WARNING * * *
Aiming: Freeze (safe; 0% risk of failure)
Press: ? - help, Q - select action, (/) - cycle Shift-Dir - straight line, f/p - culicivora
Aim: a culicivora (moderately wounded, soul bound)
You freeze the culicivora.
The culicivora is moderately wounded.
* * * LOW HITPOINT WARNING * * *
The culicivora closely misses you.
Aiming: Freeze (safe; 0% risk of failure)
Press: ? - help, Q - select action, (/) - cycle Shift-Dir - straight line, f/p - culicivora
Aim: a culicivora (moderately wounded, soul bound)
You freeze the culicivora!
The culicivora is heavily wounded.
* * * LOW HITPOINT WARNING * * *
The culicivora bites you!
* * * LOW HITPOINT WARNING * * *
The culicivora bites you!
You die...
Your body disappears without a glow.

####
###...#######
#......@....#
#.......s.....^#
#...............^
.................
##.....^.........
########........
#........
#........


You could see a culicivora (soul bound).

Vanquished Creatures
  Bai Suzhen (Spider:2)
  Saint Roka (Orc:2)
  The ghost of randomguy2701 the Nimble, an adept GnWn of Ashenzari (Spider:1)
  An emperor scorpion (Spider:1)
  The ghost of Kurtz the Severer, a journeyman OpFi of Okawaru (Orc:2)
  A ghost moth (Spider:2)
  A broodmother (Spider:1)
  A spark wasp (Spider:1)
  2 entropy weavers (Spider:1)
  A fire dragon (D:14)
  7 hydras
  An ogre mage (D:15)
  8 vault guards (D:14)
  A rakshasa (D:12)
  4 two-headed ogres
  6 boulder beetles
  A radroach (Spider:2)
  4 centaur warriors
  3 catoblepae (Lair:5)
  5 death yaks (Lair:5)
  3 tengu warriors
  Urug (Orc:2)
  An orc high priest (Orc:2)
  2 demonic crawlers
  Nergalle (Orc:2)
  7 skeletal warriors
  4 pharaoh ants
  A death drake (Lair:4)
  4 orb spiders (Spider:2)
  A sun moth (Spider:1)
  6 steelbarb worms
  A bog body (Lair:2)
  2 orc knights (Orc:2)
  A deep elf archer (D:12)
  6 wolf spiders
  2 lindwurms
  2 deep elf pyromancers
  A dancing weapon (D:13)
  A mana viper (Lair:5)
  8 cyclopes
  3 manticores
  A salamander (Lair:4)
  3 orc sorcerers
  12 ugly things
  5 black mambas
  3 molten gargoyles (Lair:5)
  25 elephants
  A gargoyle (D:12)
  2 torpor snails (Spider:2)
  11 cane toads
  2 unseen horrors
  3 rime drakes
  A kobold demonologist (D:10)
  A yaktaur (shapeshifter) (D:13)
  2 efreet
  12 komodo dragons
  3 unseen horror zombies (D:9)
  A yaktaur (D:12)
  A tengu conjurer (D:13)
  A queen bee (shapeshifter) (D:13)
  3 trolls
  A polar bear (Lair:5)
  2 hornets
  A dream sheep (Lair:5)
  6 tarantellas
  16 blink frogs
  13 culicivoras
  18 jumping spiders
  2 water elementals
  5 slime creatures (D:13)
  3 shadows
  2 wraiths
  2 vampires (D:12)
  7 wyverns
  11 yaks
  6 basilisks
  3 steam dragons
  17 vampire mosquitoes
  28 redbacks
  A naga (Lair:5)
  5 wargs (Orc:2)
  A swamp worm (Lair:2)
  16 water moccasins
  4 hell hounds (Lair:5)
  28 orc warriors
  A black bear (Lair:1)
  A sky beast (D:7)
  10 ogres
  30 wolves
  4 boggarts (D:14)
  A tengu (Lair:5)
  3 centaurs
  A kobold brigand (D:9)
  2 lemures (D:9)
  8 bullfrogs
  A scorpion (D:10)
  A wyvern zombie (D:9)
  11 wights
  15 killer bees
  12 electric eels
  5 lava snakes (Lair:5)
  A centaur zombie (D:9)
  10 jellies
  2 gnoll boudas
  16 orc priests
  8 hounds
  Ijyb (D:4)
  28 orc wizards
  Natasha (thrice) (D:3)
  2 iguanas
  2 human simulacra (D:12)
  5 adders
  11 gnolls
  An ufetubus (D:5)
  2 worms
  2 dart slugs
  67 orcs
  6 endoplasms
  A giant cockroach (D:4)
  5 goblins
  4 hobgoblins
  2 jackals (D:3)
  8 ball pythons
  5 bats
  2 frilled lizards
  10 kobolds
  2 rats
712 creatures vanquished.

Vanquished Creatures (collateral kills)
  A frost giant (D:15)
  A broodmother (Spider:2)
  A fire dragon (Lair:5)
  Fannar (Lair:1)
  A skeletal warrior (D:13)
  Pikel (D:9)
  3 bog bodies (Lair:2)
  An orc sorcerer (Orc:2)
  A manticore (D:12)
  5 elephants
  Maurice (D:8)
  A gargoyle (D:11)
  3 black mambas
  2 cane toads
  An unseen horror zombie (D:9)
  3 komodo dragons
  2 trolls
  3 polar bears
  10 blink frogs
  A hornet (D:10)
  5 yaks
  2 shadows
  A basilisk (Lair:5)
  A water elemental (D:15)
  A wyvern (D:6)
  Grum (D:8)
  A vampire mosquito (D:14)
  5 water moccasins
  4 orc warriors
  An ice beast (D:7)
  2 black bears
  10 wolves
  An ogre (Orc:2)
  A centaur (D:8)
  6 bullfrogs
  A gnoll sergeant (D:9)
  A wyvern zombie (D:9)
  3 wights
  3 killer bees (D:9)
  An electric eel (D:14)
  2 centaur zombies (D:9)
  A gnoll bouda (D:6)
  3 orc priests
  5 jellies (Lair:4)
  An iguana (D:7)
  12 orc wizards
  5 gnolls
  19 orcs
  A ball python (D:4)
  2 kobolds (D:9)
145 creatures vanquished.

Vanquished Creatures (others)
  5 dancing weapons
  A centaur simulacrum (D:12)
  A yak (Lair:5)
  2 wolves (Lair:2)
  A boggart (D:14)
  An orc wizard (D:8)
11 creatures vanquished.

Grand Total: 868 creatures vanquished

Notes
Turn   | Place    | Note
-------+----------+-------------------------------------------
     0 | D:1      | MathMan16 the Djinni Ice Elementalist began the quest for
                  | the Orb.
     0 | D:1      | MathMan16 set off with the following spells memorised:
                  | Freeze, Frozen Ramparts, Ozocubu's Armour, Summon Ice
                  | Beast.
     0 | D:1      | Reached XP level 1. HP: 15/15 MP: 0/0
   221 | D:1      | Found Sinycrourch's Assorted Antiques.
   221 | D:1      | You are sucked into a shaft and drop 1 floor!
   233 | D:2      | Reached XP level 2. HP: 22/22 MP: 0/0
   237 | D:2      | Reached skill level 1 in Fighting
   280 | D:2      | Reached XP level 3. HP: 27/27 MP: 0/0
   280 | D:2      | Learned a level 1 spell: Magic Dart
   604 | D:2      | Found Hedefu's Jewellery Emporium.
   640 | D:2      | Found Caloschua's Book Shoppe.
   736 | D:2      | Found Buvoto's Antique Weapon Shop.
   785 | D:2      | Found Zien Kof's Antique Weapon Boutique.
   868 | D:2      | Identified the +7 dagger of the Extremely Mad {heavy,
                  | Int+3}
   899 | D:2      | Reached skill level 4 in Hexes
   959 | D:2      | Reached XP level 4. HP: 28/33 MP: 0/0
  1000 | D:2      | Identified the +7 hand axe of Hard Scrabble {holy, rElec
                  | Int+6 Dex-3}
  1114 | D:2      | Found Yteh's Antique Armour Emporium.
  1253 | D:3      | Identified the +3 ring mail "Ikaibbotz" {Int+5}
  1369 | D:3      | Found Igraas's Distillery.
  1396 | D:3      | Noticed Natasha
  1410 | D:3      | Killed Natasha
  1411 | D:3      | Reached XP level 5. HP: 19/38 MP: 0/0
  1411 | D:3      | Learned a level 2 spell: Blink
  1443 | D:3      | Noticed Natasha
  1455 | D:3      | Killed Natasha
  1466 | D:3      | Noticed Natasha
  1587 | D:3      | Killed Natasha
  1620 | D:3      | Bought a potion of heal wounds for 65 gold pieces
  1869 | D:4      | Reached XP level 6. HP: 39/45 MP: 0/0
  1989 | D:4      | Reached skill level 5 in Spellcasting
  1989 | D:4      | Reached skill level 5 in Conjurations
  1989 | D:4      | Reached skill level 5 in Hexes
  1989 | D:4      | Reached skill level 5 in Summonings
  1989 | D:4      | Reached skill level 5 in Necromancy
  1989 | D:4      | Reached skill level 5 in Translocations
  1989 | D:4      | Reached skill level 5 in Transmutations
  1989 | D:4      | Reached skill level 5 in Fire Magic
  1989 | D:4      | Reached skill level 5 in Ice Magic
  1989 | D:4      | Reached skill level 5 in Air Magic
  1989 | D:4      | Reached skill level 5 in Earth Magic
  1989 | D:4      | Reached skill level 5 in Poison Magic
  2105 | D:4      | Identified the +8 quarterstaff "Quaff" {spect, rF+ Str+3}
  2125 | D:4      | Noticed an ice beast
  2125 | D:4      | Noticed Ijyb
  2252 | D:4      | Killed Ijyb
  2554 | D:4      | Found The Oracle's Delphic Readings.
  2558 | D:4      | Bought a scroll of identify for 28 gold pieces
  2660 | D:4      | Identified the +0 scale mail "Haammiuj" {Str+2}
  2766 | D:4      | Reached XP level 7. HP: 48/50 MP: 0/0
  2766 | D:4      | Learned a level 2 spell: Lesser Beckoning
  2872 | D:4      | Found a sparkling altar of Nemelex Xobeh.
  2872 | D:4      | Found a glowing silver altar of Zin.
  2895 | D:4      | Became a worshipper of Nemelex Xobeh the Trickster
  2908 | D:4      | Found a broken altar of Ashenzari.
  3003 | D:5      | Entered Level 5 of the Dungeon
  3009 | D:5      | Identified 2 scrolls of acquirement
  3071 | D:5      | Acquired a staff of cold
  3828 | D:5      | Identified the +8 sling of Contention {heavy, rF+ Str+2
                  | Dex+3}
  3853 | D:5      | Reached skill level 6 in Hexes
  3853 | D:5      | Reached XP level 8. HP: 51/58 MP: 0/0
  4092 | D:6      | Reached * piety under Nemelex Xobeh
  4092 | D:6      | Received a gift from Nemelex Xobeh
  4100 | D:6      | Noticed a wyvern
  4114 | D:6      | Killed a wyvern
  4115 | D:6      | Reached skill level 5 in Fighting
  4229 | D:6      | Identified the +9 dagger of the Gloaming {venom, rElec
                  | rCorr}
  4547 | D:6      | Found a staircase to the Ecumenical Temple.
  4914 | D:7      | Acquired 421 gold pieces
  4916 | D:7      | Found a transporter.
  5053 | D:7      | Reached skill level 7 in Hexes
  5149 | D:7      | Reached XP level 9. HP: 56/66 MP: 0/0
  5149 | D:7      | Learned a level 3 spell: Tukima's Dance
  5199 | D:7      | Reached ** piety under Nemelex Xobeh
  6118 | D:2      | Bought the amulet of Kasoykor {Fly Regen+ MP-9 Int+2 Dex+6}
                  | for 407 gold pieces
  6239 | D:8      | Noticed a hornet
  6246 | D:8      | Killed a hornet
  6247 | D:8      | Reached skill level 1 in Armour
  6476 | D:8      | HP: 2/67 [wight/+3 halberd of freezing (3)]
  6540 | D:8      | Found a transporter.
  6718 | D:8      | Reached skill level 5 in Dodging
  6719 | D:8      | Reached XP level 10. HP: 75/75 MP: 0/0
  6876 | D:8      | Noticed Maurice
  6880 | D:8      | Killed Maurice
  7049 | D:8      | Found an iron altar of Okawaru.
  7052 | D:8      | Received a gift from Nemelex Xobeh
  7196 | D:8      | Noticed Grum
  7203 | D:8      | Reached skill level 8 in Hexes
  7205 | D:8      | Killed Grum
  7240 | D:8      | Found a sacrificial altar of Ru.
  7868 | D:9      | Noticed Pikel
  7905 | D:9      | Killed Pikel
  7918 | D:9      | Reached XP level 11. HP: 70/81 MP: 0/0
  7918 | D:9      | Learned a level 5 spell: Borgnjor's Vile Clutch
  7931 | D:9      | Reached skill level 5 in Armour
  8338 | D:9      | Found a hide-covered altar of Uskayaw.
  8465 | D:9      | Received a gift from Nemelex Xobeh
  8601 | D:9      | Noticed a two-headed ogre
  8619 | D:9      | Killed a two-headed ogre
  8778 | D:9      | Found a staircase to the Orcish Mines.
  9001 | D:9      | Noticed a cyclops
  9058 | D:9      | Noticed a five-headed hydra
  9066 | D:9      | Killed a five-headed hydra
  9074 | D:9      | Noticed a cyan ugly thing
  9079 | D:9      | Killed a cyclops
  9080 | D:9      | Reached skill level 10 in Dodging
  9083 | D:9      | Killed a cyan ugly thing
  9220 | D:10     | Entered Level 10 of the Dungeon
  9220 | D:10     | Noticed a two-headed ogre
  9324 | D:10     | Reached *** piety under Nemelex Xobeh
  9380 | D:10     | Received a gift from Nemelex Xobeh
  9439 | D:10     | Killed a two-headed ogre
  9440 | D:10     | Reached skill level 1 in Shields
  9458 | D:10     | Noticed a sun demon
  9584 | D:10     | Reached XP level 12. HP: 86/90 MP: 0/0
  9707 | D:10     | Reached skill level 9 in Hexes
  9759 | D:10     | Reached skill level 10 in Fighting
  9761 | D:10     | Found a staircase to the Lair.
 10065 | D:10     | Found a large runed translucent door.
 10065 | D:10     | Found a large runed translucent door.
 10074 | D:10     | Noticed GreenGuy14's ghost (journeyman MiFi)
 10482 | D:7      | Found a transporter.
 10546 | D:7      | Identified the +1 hat "Luyq" {rPois rC++ Will- SInv}
 10982 | D:2      | Bought the ring "Tuujuett" {rF+++ Int+4 SInv Stlth+} for
                  | 750 gold pieces
 11274 | D:11     | Noticed a boulder beetle
 11522 | D:11     | Received a gift from Nemelex Xobeh
 11589 | D:11     | Noticed a boulder beetle
 11628 | D:11     | Killed a boulder beetle
 11789 | D:11     | Reached **** piety under Nemelex Xobeh
 12119 | Lair:1   | Entered Level 1 of the Lair of Beasts
 12285 | Lair:1   | Noticed Fannar
 12292 | Lair:1   | Reached skill level 5 in Shields
 12292 | Lair:1   | Reached skill level 1 in Invocations
 12300 | Lair:1   | Killed Fannar
 12317 | Lair:1   | Received a gift from Nemelex Xobeh
 12520 | Lair:1   | Reached XP level 13. HP: 89/97 MP: 0/0
 12520 | Lair:1   | Learned a level 5 spell: Lee's Rapid Deconstruction
 12845 | Lair:1   | Received a gift from Nemelex Xobeh
 13162 | Lair:1   | Reached ***** piety under Nemelex Xobeh
 13270 | Lair:2   | You are sucked into a shaft and drop 1 floor!
 13270 | Lair:3   | Found a glowing golden altar of the Shining One.
 13329 | Lair:3   | Reached skill level 5 in Invocations
 13519 | Lair:3   | Noticed a seven-headed hydra
 13525 | Lair:3   | Killed a seven-headed hydra
 13545 | Lair:3   | Received a gift from Nemelex Xobeh
 13837 | Lair:3   | Noticed an eight-headed hydra
 13843 | Lair:3   | Killed an eight-headed hydra
 13978 | Lair:3   | Found a hole to the Spider Nest.
 14010 | Lair:3   | Reached skill level 10 in Spellcasting
 14010 | Lair:3   | Reached skill level 10 in Conjurations
 14010 | Lair:3   | Reached skill level 10 in Hexes
 14010 | Lair:3   | Reached skill level 10 in Summonings
 14010 | Lair:3   | Reached skill level 10 in Necromancy
 14010 | Lair:3   | Reached skill level 10 in Translocations
 14010 | Lair:3   | Reached skill level 10 in Transmutations
 14010 | Lair:3   | Reached skill level 10 in Fire Magic
 14010 | Lair:3   | Reached skill level 10 in Ice Magic
 14010 | Lair:3   | Reached skill level 10 in Air Magic
 14010 | Lair:3   | Reached skill level 10 in Earth Magic
 14010 | Lair:3   | Reached skill level 10 in Poison Magic
 14611 | Lair:2   | Reached XP level 14. HP: 97/105 MP: 0/0
 14917 | Lair:2   | Received a gift from Nemelex Xobeh
 15338 | Lair:2   | Found a staircase to the Swamp.
 15564 | Lair:4   | Found a staircase to the Slime Pits.
 15633 | Lair:4   | Received a gift from Nemelex Xobeh
 15853 | Lair:4   | Received a gift from Nemelex Xobeh
 16075 | Lair:4   | Reached skill level 10 in Invocations
 16401 | Lair:5   | Entered Level 5 of the Lair of Beasts
 16569 | Lair:5   | Identified the -1 long sword of Destiny {protect, Fly rC+++
                  | Str-2 Dex-4}
 16943 | Lair:5   | Reached XP level 15. HP: 96/111 MP: 0/0
 16943 | Lair:5   | Learned a level 6 spell: Eringya's Noxious Bog
 16963 | Lair:5   | Reached skill level 11 in Hexes
 17000 | Lair:5   | Reached skill level 1 in Evocations
 17396 | Lair:5   | Identified the +1 pair of gloves of the Land of Plenty {rF+
                  | SInv}
 17914 | Lair:5   | Found a large runed translucent door.
 17914 | Lair:5   | Found a large runed translucent door.
 18425 | Lair:5   | Identified the ring "Honus" {rElec rC- EV+5 Dex+5}
 18984 | D:12     | Received a gift from Nemelex Xobeh
 19582 | D:12     | Found an opulent altar of Gozag.
 19582 | D:12     | Found an opulent altar of Gozag.
 19595 | D:12     | Found a shimmering altar of Xom.
 19728 | D:12     | Gained mutation: You are clumsy. (Dex -2) [potion of
                  | mutation]
 19728 | D:12     | Gained mutation: You are weak. (Str -2) [potion of
                  | mutation]
 19728 | D:12     | Gained mutation: You expend health (3 HP) to strengthen
                  | your wands. [potion of mutation]
 19773 | D:12     | Reached skill level 5 in Evocations
 19855 | D:12     | Received a gift from Nemelex Xobeh
 19910 | D:12     | Reached XP level 16. HP: 102/116 MP: 0/0
 20043 | D:13     | Identified the +11 falchion of Pandemonium {venom, *Rage
                  | Int+5}
 20081 | D:13     | Reached skill level 12 in Hexes
 20486 | D:13     | Found a hide-covered altar of Uskayaw.
 20486 | D:13     | Received a gift from Nemelex Xobeh
 21157 | D:14     | Reached skill level 10 in Armour
 21362 | D:14     | Received a gift from Nemelex Xobeh
 21567 | D:14     | Found a gate to the Vaults.
 21953 | D:14     | Reached skill level 10 in Shields
 22017 | D:14     | Identified the +4 orcbow "Lytyiv" {freeze, rElec rPois
                  | Will- Dex+2}
 22355 | D:15     | Entered Level 15 of the Dungeon
 22419 | D:15     | Reached ****** piety under Nemelex Xobeh
 22419 | D:15     | Received a gift from Nemelex Xobeh
 22824 | D:15     | Found Basiy's Antique Armour Shop.
 22840 | D:15     | Bought a runed buckler for 135 gold pieces
 22971 | D:15     | Acquired a manual of Shapeshifting
 22972 | D:15     | Acquired the +1 pair of gloves of the Orb Guardian {Contam
                  | rElec Int+5 SInv}
 23067 | D:15     | Reached skill level 10 in Evocations
 23112 | D:15     | Noticed a frost giant
 23118 | D:15     | Killed a frost giant
 23149 | D:15     | Found a staircase to the Depths.
 23354 | D:15     | Received a gift from Nemelex Xobeh
 23545 | Orc:1    | Entered Level 1 of the Orcish Mines
 24040 | Orc:2    | Entered Level 2 of the Orcish Mines
 24040 | Orc:2    | Received a gift from Nemelex Xobeh
 24141 | Orc:2    | Noticed Urug
 24145 | Orc:2    | Killed Urug
 24152 | Orc:2    | Reached XP level 17. HP: 79/121 MP: 0/0
 24152 | Orc:2    | Learned a level 7 spell: Enfeeble
 24228 | Orc:2    | Noticed Nergalle
 24260 | Orc:2    | Noticed Saint Roka
 24263 | Orc:2    | Killed Nergalle
 24314 | Orc:2    | Killed Saint Roka
 24500 | Orc:2    | Found Lanwuarchy's General Store.
 24573 | Orc:2    | Received a gift from Nemelex Xobeh
 24659 | Orc:2    | Found Zumagash's Antique Weapon Emporium.
 24698 | Orc:2    | Found a runed translucent gate.
 24699 | Orc:2    | Found a runed translucent gate.
 24699 | Orc:2    | Found a runed translucent gate.
 24699 | Orc:2    | Noticed Kurtz's ghost (journeyman OpFi)
 24945 | Orc:2    | Found a staircase to the Elven Halls.
 25052 | Orc:2    | Found Kaenak's Antique Armour Emporium.
 25058 | Orc:2    | Bought a runed hat for 196 gold pieces
 25068 | Orc:2    | Found Nuklaf's Book Emporium.
 25256 | Orc:2    | Killed Kurtz's ghost
 25510 | Spider:1 | Entered Level 1 of the Spider Nest
 25669 | Spider:1 | Received a gift from Nemelex Xobeh
 25701 | Spider:1 | Reached skill level 13 in Hexes
 26032 | Spider:1 | Found a runed translucent gate.
 26032 | Spider:1 | Found a runed translucent gate.
 26032 | Spider:1 | Found a runed translucent gate.
 26040 | Spider:1 | Noticed randomguy2701's ghost (adept GnWn)
 26064 | Spider:1 | Killed randomguy2701's ghost
 26177 | Spider:1 | Reached skill level 14 in Hexes
 26177 | Spider:1 | Reached XP level 18. HP: 131/131 MP: 0/0
 27265 | Spider:1 | Reached skill level 15 in Hexes
 27352 | Spider:1 | HP: 1/132 [culicivora (12)]
 27723 | Spider:2 | Received a gift from Nemelex Xobeh
 28105 | Spider:3 | Noticed Bai Suzhen
 28136 | Spider:2 | HP: 6/133 [Bai Suzhen/torrent of water (23)]
 28140 | Spider:2 | Killed Bai Suzhen
 28261 | Spider:3 | Mangled by a culicivora

Illustrated notes

Levels and vault maps discovered:
D:1:      giann_forest_graveyard, layout_rooms, serial_shops, shop, minivault_26
D:2:      layout_basic, serial_shops, nicolae_lakefront_shop, shop,
          nicolae_shop_pleasant_corner_grove, nicolae_shop_gaudy_bauble,
          nicolae_shop_trees, minmay_misc_feat_five
D:3:      layout_rooms, nicolae_sif_muna_condensation, serial_shops, shop,
          uniq_natasha
D:4:      layout_basic, minmay_overflow_temple_star_hex, serial_glass,
          glass_columns_a, glass_columns_a, feat_on_display,
          due_unseen_surprise, nicolae_nh_oracle_at_delphi, uniq_ijyb
D:5:      layout_basic
D:6:      layout_loops_cross, temple_doors_cd, minmay_misc_feat_secret_circle
D:7:      gammafunk_beogh_shrine, layout_basic
D:8:      layout_basic, kennysheep_mini, lemuel_round_altar,
          serial_bayou_ford_a, nicolae_diode_basic, uniq_maurice, uniq_grum
D:9:      minmay_cornered_nines, layout_loops_corners, lemuel_tele_altar,
          erik_orc_2, serial_undead, serial_undead_d, serial_undead_b,
          serial_undead_b, serial_undead_e, serial_undead_e, serial_undead_c,
          uniq_pikel
D:10:     layout_roguey, minmay_lair_entry_grove, ebering_ghost_disaster_area,
          minmay_misc_feat_more_columns, minmay_gold_behind_fungi, minivault_22
D:11:     layout_roguey
D:12:     minmay_the_grid_octo_tiled_squarecenter_mashed
          [minmay_the_grid_octo_77, minmay_the_grid_octo_concentric,
          minmay_the_grid_octo_toaster, minmay_the_grid_octo_shrine,
          minmay_the_grid_square_5x5_megaprize_open,
          minmay_the_grid_square_5x5_sharp_hourglass,
          minmay_the_grid_square_5x5_z, minmay_the_grid_square_5x5_six_small,
          minmay_the_grid_square_5x5_one_wall], layout_irregular_city,
          bh_circular_ruins
D:13:     layout_stronghold, dreamdust_wishing_well,
          hangedman_decor_clover_reticule, nicolae_uskayaw_en_pointe
D:14:     layout_long_grid, erik_vaults_2, chequers_jeans, columned_hall_lemuel,
          fountainhead
D:15:     grunt_enter_depths_snipers, layout_stronghold,
          roderic_lattice_octagonal_star, nicolae_inconvenience_store,
          minivault_23
Lair:1:   layout_cave_pods, minmay_stone_trees_small, beast_lair_carwin_5,
          grunt_megastairs_3, uniq_fannar
Lair:2:   layout_gridlike, nicolae_swamp_entry_splash_gauntlet,
          pdpol_lair_neglected_garden, st_stairs_13, forest_entry_grove,
          serial_bayou_shore_a
Lair:3:   layout_gridlike, nicolae_spider_entry_tight_spaces, basic_altar,
          minmay_lair_oklob_bushes, cheibrodos_lair_caveside_slide,
          grunt_megastairs_2
Lair:4:   layout_big_grid, minmay_slime_entry_jelly_boxes
Lair:5:   cheibrodos_lair_end_hotspot, layout_gridlike,
          dreamdust_mushroom_princess, lemuel_fruit_tree
Spider:1: layout_chambers, ebering_ghost_rock_garden
Spider:2: layout_spider_delve
Spider:3: layout_cave_pods, uniq_arachne, uniq_bai_suzhen
Orc:1:    layout_caves
Orc:2:    grunt_orc_cross, layout_caves, gammafunk_ghost_split

Skill      XL: |  1  2  3  4  5  6  7  8  9 10 11 12 13 14 15 16 17 18 |
---------------+-------------------------------------------------------+-----
Fighting       | 1 2 3 4 5 7 8 9 10 11 12 13 | 13.4
Spellcasting   | 4 5 6 7 8 9 10 11 12 13 | 13.9
Conjurations   | 4 5 6 7 8 9 10 11 12 13 | 13.9
Hexes          | 4 5 6 7 8 9 10 11 12 14 15 | 15.7
Summonings     | 4 5 6 7 8 9 10 11 12 13 | 13.9
Necromancy     | 4 5 6 7 8 9 10 11 12 13 | 13.9
Translocations | 4 5 6 7 8 9 10 11 12 13 | 13.9
Transmutations | 4 5 6 7 8 9 10 11 12 13 | 13.9
Fire Magic     | 4 5 6 7 8 9 10 11 12 13 | 13.9
Ice Magic      | 4 5 6 7 8 9 10 11 12 13 | 13.9
Air Magic      | 4 5 6 7 8 9 10 11 12 13 | 13.9
Earth Magic    | 4 5 6 7 8 9 10 11 12 13 | 13.9
Poison Magic   | 4 5 6 7 8 9 10 11 12 13 | 13.9
Armour         | 2 4 6 7 8 9 10 | 10.0
Dodging        | 5 8 10 | 10.0
Shields        | 1 5 7 8 10 | 10.0
Invocations    | 2 7 11 | 11.7
Evocations     | 5 10 | 10.7
Stealth        | |  1.5

Action                     |  1- 3 |  4- 6 |  7- 9 | 10-12 | 13-15 | 16-18 || total
---------------------------+-------+-------+-------+-------+-------+-------++-------
  Melee: Hand axe          |       |       |     6 |    30 |    24 |     6 ||    66
         Staff             |       |       |     1 |     4 |       |       ||     5
         Punch             |       |       |       |     1 |       |       ||     1
   Cast: Freeze            |    47 |    45 |    22 |   115 |   113 |    60 ||   402
         Frozen Ramparts   |       |     9 |    23 |    48 |    20 |    15 ||   115
         Magic Dart        |       |    34 |    56 |   169 |   165 |    63 ||   487
         Summon Ice Beast  |       |     1 |    19 |    54 |    57 |    26 ||   157
         Ozocubu's Armour  |       |     1 |     3 |    12 |     8 |     3 ||    27
         Lesser Beckoning  |       |       |     2 |     3 |     2 |     2 ||     9
         Blink             |       |       |     1 |       |     2 |    10 ||    13
         Tukima's Dance    |       |       |       |    23 |     1 |    29 ||    53
         Borgnjor's Vile C |       |       |       |    37 |    32 |    13 ||    82
         Lee's Rapid Decon |       |       |       |       |   227 |   407 ||   634
         Eringya's Noxious |       |       |       |       |     9 |    22 ||    31
         Enfeeble          |       |       |       |       |       |     7 ||     7
 Invoke: Draw Destruction  |       |       |     1 |     9 |     5 |       ||    15
         Triple Draw       |       |       |       |       |     1 |     1 ||     2
         Deal Four         |       |       |       |       |     2 |     5 ||     7
         Draw Summoning    |       |       |       |       |     1 |       ||     1
         Draw Escape       |       |       |       |       |       |     1 ||     1
  Evoke: Wand              |       |       |       |       |       |     3 ||     3
    Use: Scroll            |       |     3 |     4 |    10 |     7 |    12 ||    36
         Potion            |       |     1 |     3 |     1 |     2 |     9 ||    16
   Stab: Invisible         |       |       |       |       |       |     1 ||     1
 Armour: Robe              |    23 |     2 |       |       |       |       ||    25
         Ring mail         |       |    29 |    29 |   158 |   191 |   181 ||   588
  Dodge: Dodged            |    15 |    21 |    42 |   239 |   268 |   201 ||   786
  Block: Buckler           |       |       |       |    11 |   101 |   129 ||   241

Table legend: (Time is in decaauts)
 A = Elapsed time spent in this place.
 B = Non-inter-level travel time spent in this place.
 C = Inter-level travel time spent in this place.
 D = Time resting spent in this place.
 E = Time spent auto-exploring this place.
 F = Levels seen in this place.
 G = Mean time per level.
                   A        B        C        D        E       F      G
               +--------+--------+--------+--------+--------+-----+--------+
         Total |  28348 |  25359 |   2989 |   1420 |  18855 |  25 | 1133.9 |
       Dungeon |  17157 |  14830 |   2327 |    996 |  11047 |  15 | 1143.8 |
          Lair |   6623 |   6117 |    506 |    286 |   4486 |   5 | 1324.6 |
   Spider Nest |   2763 |   2667 |     96 |    138 |   2016 |   3 |  921.0 |
  Orcish Mines |   1804 |   1745 |     59 |      0 |   1306 |   2 |  902.0 |
               +--------+--------+--------+--------+--------+-----+--------+

Top non-repeatable levels by time:
  Lair:5: 2050 daAuts
     D:9: 1993 daAuts
Spider:1: 1947 daAuts
     D:8: 1571 daAuts
    D:12: 1378 daAuts
   Orc:2: 1331 daAuts
    D:14: 1275 daAuts
     D:5: 1250 daAuts
  Lair:2: 1241 daAuts
  Lair:1: 1204 daAuts
     D:4: 1196 daAuts
    D:10: 1166 daAuts
    D:13: 1139 daAuts
  Lair:3: 1113 daAuts
     D:7: 1099 daAuts
